 Dungeon Crawl Stone Soup version 0.20-a0-535-gc09f9e6 (webtiles) character file.

44 M4edhros the Sneak (level 3, -1/23 HPs)
             Began as an Octopode Artificer on Jan 27, 2017.
             Slain by a sky beast (5 damage)
             ... on level 4 of the Dungeon.
             The game lasted 00:05:13 (692 turns).

M4edhros the Sneak (Octopode Artificer)              Turns: 692, Time: 00:05:14

Health: -1/23      AC:  1    Str: 11    XL:     3   Next: 60%
Magic:  5/5        EV: 13    Int: 13    God:
Gold:   75         SH:  0    Dex: 13    Spells: 2/2 levels left

rFire    . . .     SeeInvis .   i - +1 dagger (flame)
rCold    . . .     Gourm    +   (no shield)
rNeg     . . .     Faith    .   (helmet restricted)
rPois    .         Spirit   .   g - amulet of the gourmand
rElec    .         Reflect  .   e - +3 ring of slaying
rCorr    .         Harm     .   (no ring)
MR       .....                  (no ring)
Stlth    ++++......             (no ring)
Regen    0.1/turn               (no ring)
                                (no ring)
                                (no ring)
                                (no ring)

@: very slightly contaminated
A: almost no armour, stealthy swim, amphibious, 8 rings, constrict 8, camouflage
1, gelatinous body 1
a: no special abilities


You were on level 4 of the Dungeon.
You were completely stuffed.

You visited 1 branch of the dungeon, and saw 4 of its levels.

You collected 75 gold pieces.

Inventory:

Hand Weapons
 a - a +0 short sword
 i - a +1 dagger of flaming (weapon)
Missiles
 p - 36 stones (quivered)
Jewellery
 e - a +3 ring of slaying (left tentacle)
 g - an amulet of the gourmand (around mantle)
 q - an uncursed amulet of harm {unknown}
Wands
 b - a wand of flame (12/48)
 c - a wand of enslavement (5/24)
 d - a wand of random effects (15/48)
 h - a wand of scattershot (6/9)
Scrolls
 m - a scroll of teleportation {unknown}
 o - a scroll of amnesia {unknown}
 t - a scroll of magic mapping {unknown}
Potions
 n - 2 potions of might {unknown}
 r - a potion of resistance {unknown}
Comestibles
 f - 2 bread rations
 l - 2 meat rations
 s - a chunk of flesh


   Skills:
 - Level 1.0 Fighting
 - Level 1.0 Short Blades
 - Level 2.0 Dodging
 + Level 4.9 Stealth
 - Level 3.2 Evocations


You had 2 spell levels left.
You didn't know any spells.

Dungeon Overview and Level Annotations

Branches:
Dungeon (4/15)
 Temple: D:4-7

Altars:

Annotations:
D:3 Robin


Innate Abilities, Weirdness & Mutations

You cannot wear most types of armour.
You are very stealthy in the water. (Stealth+)
You are amphibious.
You can wear up to eight rings at the same time.
You can use your tentacles to constrict eight enemies at once.
Your skin changes colour to match your surroundings (Stealth+).
Your rubbery body absorbs attacks. (AC +1, EV +1)


Message History

Press: ? - help, Shift-Dir - straight line, f/p - phantom
Aim: a phantom (chance to defeat MR: 37%)
The phantom resists with some effort.
This wand has 7 charges left.
The phantom hits you!
The sky beast flickers out of sight!
Deactivating autopickup; reactivate with Ctrl-A.
Evoke which item? (* to show all) (? for menu, Esc to quit)
Aiming: Enslavement
Press: ? - help, Shift-Dir - straight line, f/p - phantom
Aim: a phantom (chance to defeat MR: 37%)
The phantom resists with some effort.
This wand has 6 charges left.
The phantom hits you!
* * * LOW HITPOINT WARNING * * *
The phantom blinks!
Okay, then.
Evoke which item? (* to show all) (? for menu, Esc to quit)
Aiming: Enslavement
Press: ? - help, Shift-Dir - straight line, f/p - phantom
Aim: a phantom (chance to defeat MR: 37%) Nothing appears to happen.
This wand has 5 charges left.
Something hits you.
You die...

...........................
.###.#.#####.###.#.....#..
#...(...# #......###.##..
#####.###########..........
#..........# #...##.....
#.(...#....# ###[..#...##.
#.....'....# .. #.?.#...+
#.....######.##.#...#...#
#.....'.W.@{....#...#..
#.....######.#..<.l.#
#.....# # . ..###### ##. #


You could see a phantom.

Vanquished Creatures
  An adder (D:4)
  2 oozes (D:2)
  A worm (D:2)
  2 dart slugs
  A leopard gecko (D:1)
  4 hobgoblins
  A quokka (D:3)
  2 bats
  A frilled lizard (D:2)
  2 goblins
  A rat (D:3)
18 creatures vanquished.

Vanquished Creatures (collateral kills)
  A bat (D:1)
1 creature vanquished.

Grand Total: 19 creatures vanquished

Notes
Turn   | Place    | Note
-------+----------+-------------------------------------------
     0 | D:1      | M4edhros the Octopode Artificer began the quest for the Orb.
     0 | D:1      | Reached XP level 1. HP: 13/13 MP: 3/3
    55 | D:1      | Reached skill level 2 in Stealth
    72 | D:1      | Reached XP level 2. HP: 13/18 MP: 4/4
   103 | D:2      | Reached skill level 3 in Stealth
   168 | D:2      | Reached skill level 4 in Stealth
   168 | D:2      | Reached XP level 3. HP: 9/23 MP: 5/5
   434 | D:3      | Noticed Robin
   642 | D:4      | Noticed a sky beast
   683 | D:4      | Noticed a phantom
   692 | D:4      | Slain by a sky beast

Vault maps used:
D:1:      eino_arrival_tree_alley, minmay_misc_feat_columns
D:2:      kennysheep_big_flooded_room, serial_corexii_hall,
          corexii_hall_statues_i, corexii_hall_statues_s,
          corexii_hall_statues_u, corexii_hall_statues_x,
          minmay_misc_feat_doors, uniq_iyjb
D:3:      kennysheep_cluttered_room, uniq_natasha, uniq_jessica, uniq_robin,
          uniq_sigmund

Skill      XL: |  1  2 |
---------------+-------+-----
Stealth        | 2 4 |  4.9
Fighting       | |  1.0
Short Blades   | |  1.0
Dodging        | |  2.0
Evocations     | |  3.2

Action                   || total
-------------------------++-------
Melee: Short sword       ||    10
       Constrict         ||     6
       Tentacles         ||     4
       Dagger            ||    21
Evoke: Wand              ||    13
  Use: Scroll            ||     2
 Stab: Sleeping          ||     7
       Betrayed ally     ||     1
  Eat: Chunk             ||     9
Armor: Skin              ||     2
Dodge: Dodged            ||    21
